 Dungeon Crawl Stone Soup version 0.22-a0-414-gacd343e (webtiles) character file.

29384 Mgcat the Arsonist (level 12, -11/100 HPs)
             Began as a Demigod Fire Elementalist on May 13, 2018.
             Mangled by Snorg (27 damage)
             ... on level 3 of the Lair of Beasts.
             The game lasted 01:03:50 (20142 turns).

Mgcat the Arsonist (Demigod Fire Elementalist)     Turns: 20142, Time: 01:03:51

Health: -11/100    AC:  8    Str: 13    XL:     12   Next: 83%
Magic:  8/30       EV: 19    Int: 25    God:
Gold:   254        SH:  0    Dex: 22    Spells: 15/30 levels left

rFire    + + .     SeeInvis .   a - +7 longbow of Igeruo {velocity, rF++ Dex+4}
rCold    . . .     Gourm    .   (shield currently unavailable)
rNeg     . . .     Faith    .   H - +1 robe {MR+}
rPois    +         Spirit   .   r - +1 helmet
rElec    .         Reflect  .   (no cloak)
rCorr    .         Harm     .   g - +2 pair of gloves
MR       ++...                  (no boots)
Stlth    ++........             (no amulet)
HPRegen  0.26/turn              f - ring of wizardry {Wiz+, !d}
MPRegen  0.22/turn              E - ring of Qisycux {+Fly rPois Dex+2 Slay+3}

@: about to teleport
A: high mp 1
a: Evoke Flight


You were on level 3 of the Lair of Beasts.
You were not hungry.

You visited 2 branches of the dungeon, and saw 14 of its levels.

You collected 702 gold pieces.
You spent 448 gold pieces at shops.

Inventory:

Hand Weapons
 a - the +7 longbow of Igeruo (weapon) {velocity, rF++ Dex+4}
   (You found it on level 10 of the Dungeon)

   Any arrow fired from it inflicts extra damage.
   It affects your dexterity (+4).
   It greatly protects you from fire.
 I - the cursed +1 hand axe "Beetle's Foe" {vamp, rPois rF+, unknown}
   (You found it on level 10 of the Dungeon)

   It inflicts no extra harm, but heals its wielder when it wounds a living foe.
   It protects you from fire.
   It protects you from poison.
   It has a curse placed upon it.
Missiles
 p - 329 arrows (quivered)
Armour
 g - a +2 pair of gloves (worn)
   (You found it on level 1 of the Dungeon)
 r - a +1 helmet (worn)
   (You found it on level 3 of the Dungeon)
 H - a +1 robe of magic resistance (worn)
   (You took it off Josephine on level 11 of the Dungeon)
 K - a +0 robe of cold resistance
   (You took it off a wight on level 11 of the Dungeon)
Magical Staves
 k - an uncursed staff of earth
   (You bought it in a shop on level 7 of the Dungeon)
Jewellery
 f - a ring of wizardry (left hand) {Wiz+, !d}
   (You found it on level 2 of the Dungeon)
 n - a +2 ring of protection
   (You found it on level 1 of the Lair of Beasts)
 x - an uncursed ring of see invisible {sInv, !d}
   (You found it on level 9 of the Dungeon)
 E - the ring of Qisycux (right hand) {+Fly rPois Dex+2 Slay+3}
   (You took it off an orc priest on level 10 of the Dungeon)

   [ring of flight]

   It affects your dexterity (+2).
   It affects your accuracy and damage with ranged weapons and melee attacks
   (+3).
   It protects you from poison.
   It lets you fly.
 F - an uncursed ring of stealth {Stlth+}
   (You took it off a merfolk siren on level 2 of the Lair of Beasts)
Wands
 d - a wand of acid (8)
   (You found it on level 6 of the Dungeon)
 e - a wand of iceblast (7)
   (You found it on level 4 of the Dungeon)
 v - a wand of flame (18)
   (You found it on level 7 of the Dungeon)
 A - a wand of paralysis (14)
   (You found it on level 9 of the Dungeon)
Scrolls
 b - 4 scrolls of amnesia
 h - 7 scrolls of teleportation
 i - 4 scrolls of magic mapping {!r}
 j - 4 scrolls of fog
 m - 8 scrolls of remove curse
 o - a scroll of enchant armour
 y - a scroll of enchant weapon
 D - 5 scrolls of identify
Potions
 l - 2 potions of lignification {!q}
 q - 3 potions of heal wounds {unknown}
 s - 2 potions of curing
 t - 3 potions of flight
 u - a potion of berserk rage {!q}
 w - 2 potions of brilliance
 B - a potion of magic
 J - 2 potions of mutation {unknown}
Miscellaneous
 C - a box of beasts
Comestibles
 c - 20 rations


   Skills:
 + Level 7.5 Fighting
 + Level 7.7 Dodging
 - Level 1.7 Stealth
 + Level 9.7 Spellcasting
 + Level 10.4 Conjurations
 + Level 10.7 Fire Magic


You had 15 spell levels left.
You knew the following spells:

 Your Spells              Type           Power        Failure   Level  Hunger
a - Flame Tongue          Conj/Fire      #####        1%          1    None
b - Throw Flame           Conj/Fire      ######       1%          2    None
c - Conjure Flame         Conj/Fire      ######..     1%          3    None
d - Sticky Flame          Conj/Fire      ######..     1%          4    #......
e - Fireball              Conj/Fire      ######....   1%          5    ####...

Your spell library contained the following spells:

 Spells                   Type           Power        Failure   Level  Hunger
 Apportation              Tloc           ##....       1%          1    None
 Invisibility             Hex            ##......     95%         6    ######.
 Tukima's Dance           Hex            ##......     6%          3    None
 Summon Butterflies       Summ           ##......     1%          1    None
 Alistair's Intoxication  Tmut/Pois      ##......     45%         5    ####...
 Inner Flame              Hex/Fire       #####...     1%          3    None
 Lesser Beckoning         Tloc           ##........   6%          3    None


Dungeon Overview and Level Annotations

Branches:
Dungeon (11/15)            Temple (0/1) D:6            Lair (3/6) D:9
 Shoals (0/4) Lair:2
  Snake: Lair:2-4    Spider: Lair:2-4       Orc: D:9-12

Shops:
D:7 ***   D:11 !

Annotations:
Lair:1 exclusion: oklob plant
Lair:3 Snorg


Innate Abilities, Weirdness & Mutations

You have an increased reservoir of magic. (+10% MP)


Message History

Aim: a water moccasin (heavily wounded)
The puff of flame misses the water moccasin.
A crocodile comes into view.
Casting: Throw Flame (safe; 1% risk of failure)
Confirm with . or Enter, or press ? or * to list all spells.
Aiming: Throw Flame (safe; 1% risk of failure)
Press: ? - help, Shift-Dir - straight line, f/p - water moccasin
Aim: a water moccasin (heavily wounded)
The puff of flame hits the water moccasin.
You kill the water moccasin!
Casting: Throw Flame (safe; 1% risk of failure)
Confirm with . or Enter, or press ? or * to list all spells.
Aiming: Throw Flame (safe; 1% risk of failure)
Press: ? - help, Shift-Dir - straight line, f - crocodile
Aim: a crocodile The puff of flame hits the crocodile.
The crocodile is moderately wounded.
Casting: Throw Flame (safe; 1% risk of failure)
Confirm with . or Enter, or press ? or * to list all spells.
Aiming: Throw Flame (safe; 1% risk of failure)
Press: ? - help, Shift-Dir - straight line, f/p - crocodile
Aim: a crocodile (moderately wounded)
The puff of flame hits the crocodile.
The crocodile is heavily wounded.
Casting: Throw Flame (safe; 1% risk of failure)
Confirm with . or Enter, or press ? or * to list all spells.
Aiming: Throw Flame (safe; 1% risk of failure)
Press: ? - help, Shift-Dir - straight line, f/p - crocodile
Aim: a crocodile (heavily wounded)
The puff of flame hits the crocodile.
The crocodile is severely wounded.
Casting: Throw Flame (safe; 1% risk of failure)
Confirm with . or Enter, or press ? or * to list all spells.
Aiming: Sticky Flame (safe; 1% risk of failure)
Press: ? - help, Shift-Dir - straight line, f/p - crocodile
Aim: a crocodile (severely wounded)
The sticky flame hits the crocodile.
The crocodile is almost dead.
The crocodile is covered in liquid flames!
The crocodile burns!
The crocodile barely misses you.
Casting: Sticky Flame (safe; 1% risk of failure)
Confirm with . or Enter, or press ? or * to list all spells.
Aiming: Throw Flame (safe; 1% risk of failure)
Press: ? - help, Shift-Dir - straight line, f/p - crocodile
Aim: a crocodile (almost dead, covered in liquid flames)
The puff of flame hits the crocodile.
You kill the crocodile!
Snorg the Insatiable comes into view.
Casting: Throw Flame (safe; 1% risk of failure)
Confirm with . or Enter, or press ? or * to list all spells.
You can't see any susceptible monsters within range! (Use Z to cast anyway.)
Casting: Throw Flame (safe; 1% risk of failure)
Confirm with . or Enter, or press ? or * to list all spells.
Aiming: Throw Flame (safe; 1% risk of failure)
Press: ? - help, Shift-Dir - straight line, f - Snorg
Aim: Snorg (hasn't noticed you)
The puff of flame misses Snorg.
Casting: Throw Flame (safe; 1% risk of failure)
Confirm with . or Enter, or press ? or * to list all spells.
Aiming: Fireball (safe; 1% risk of failure)
Press: ? - help, Shift-Dir - straight line, p - Snorg The fireball explodes!
The fireball engulfs Snorg.
Snorg is lightly wounded.
You hear a trumpeting! x3
Casting: Fireball (safe; 1% risk of failure)
Confirm with . or Enter, or press ? or * to list all spells.
Aiming: Fireball (safe; 1% risk of failure)
Press: ? - help, Shift-Dir - straight line, f - Snorg
Aim: Snorg (lightly wounded)
The fireball explodes!
The fireball engulfs Snorg.
Snorg is moderately wounded.
Casting: Fireball (safe; 1% risk of failure)
Confirm with . or Enter, or press ? or * to list all spells.
You don't have enough magic to cast that spell.
Firing (i - inventory)
p - 330 arrows (quivered)
Press: ? - help, Shift-Dir - straight line, f/p - Snorg
Aim: Snorg (moderately wounded)
You shoot an arrow. The arrow hits Snorg!
Snorg is heavily wounded.
Snorg goes berserk!
An elephant comes into view.
You hear a trumpeting! x2
There is an escape hatch in the floor here.
Snorg bites you. Snorg claws you. Snorg closely misses you.
Snorg barely misses you. Snorg misses you. Snorg barely misses you.
Snorg bites you!! Snorg barely misses you. x2
Snorg bites you! Snorg completely misses you. Snorg misses you.
Snorg bites you!! Snorg misses you. x2
Snorg rages.
Snorg closely misses you. Snorg misses you. Snorg claws you.
Okay, then.
Okay, then.
Unknown command.
As you read the scroll of teleportation, it crumbles to dust.
You feel strangely unstable. Snorg bites you but does no damage.
Snorg barely misses you. x2; Snorg bites you!!
* * * LOW HITPOINT WARNING * * *
Snorg misses you. Snorg claws you but does no damage. Snorg bites you!!
You die...

............#...........##....>..
.............##........#.........
...........###.....⌠.........#...
...........##....................
)..........#.#...⌠...⌠.#.........
..........P##....................
#.........##.#.....⌠.........#.#.
##......#######........###...##..
......#. ##.@.#......##.###..
###... #..T.#.#......####.. ####
######...#...##..⌠...#...
###...#...###...##...#..... ##
#.#...#...###P#...#.##..... .#
##....#...#..#######........ ##
##.....#....### #.####.... .##
#......#.>..# ## ##...
..###..........## #...


You could see Snorg (berserk).

Vanquished Creatures
  Josephine (D:11)
  5 hydras
  A centaur warrior (D:11)
  2 two-headed ogres
  An unseen horror (D:10)
  A wizard (D:9)
  4 elephants (Lair:2)
  A centaur zombie (D:11)
  A manticore (D:11)
  A merfolk siren (Lair:2)
  5 spiny frogs
  12 komodo dragons
  2 trolls
  A hornet (D:8)
  A blink frog (Lair:3)
  A hippogriff (Lair:1)
  A shadow (D:11)
  3 wraiths (D:11)
  35 yaks
  A human (D:9)
  A hungry ghost (D:8)
  Menkaure (D:4)
  A soldier ant (D:11)
  9 water moccasins
  7 porcupines
  2 ice beasts
  3 orc warriors
  2 black bears
  5 phantoms
  An eye of draining (D:8)
  5 ogres
  3 wolves
  5 centaurs
  5 crocodiles
  8 bullfrogs
  A water moccasin skeleton (D:5)
  7 scorpions
  6 killer bees (D:11)
  10 wights
  6 electric eels
  6 howler monkeys
  5 crimson imps
  11 hounds
  2 centaur skeletons
  10 orc priests
  2 bullfrog skeletons
  3 jellies
  4 orc wizards
  Terence (D:2)
  An iguana (D:9)
  9 worker ants
  A killer bee zombie (D:5)
  A hound zombie (D:6)
  2 hound skeletons
  2 worker ant zombies
  7 gnolls
  13 adders
  A river rat (D:3)
  3 shadow imps
  3 oozes
  An adder skeleton (D:5)
  2 worms
  4 dart slugs
  15 leopard geckos
  39 orcs
  5 bats
  7 giant cockroaches
  5 goblins
  12 hobgoblins
  17 jackals
  10 quokkas
  9 frilled lizards
  9 kobolds
  A leopard gecko skeleton (D:7)
  A quokka skeleton (D:4)
  8 rats
400 creatures vanquished.

Vanquished Creatures (others)
  5 fungi
  5 plants
10 creatures vanquished.

Grand Total: 410 creatures vanquished

Notes
Turn   | Place    | Note
-------+----------+-------------------------------------------
     0 | D:1      | Mgcat the Demigod Fire Elementalist began the quest for the Orb.
     0 | D:1      | Reached XP level 1. HP: 14/14 MP: 5/5
    10 | D:1      | Reached skill level 1 in Conjurations
    70 | D:1      | Reached skill level 2 in Spellcasting
    75 | D:1      | Reached XP level 2. HP: 12/20 MP: 0/7
   178 | D:1      | Reached skill level 3 in Fire Magic
   287 | D:1      | Learned a level 2 spell: Throw Flame
   692 | D:1      | Reached XP level 3. HP: 26/26 MP: 5/9
   904 | D:2      | Noticed Terence
   917 | D:2      | Killed Terence
   917 | D:2      | Reached skill level 2 in Conjurations
  1073 | D:2      | Reached XP level 4. HP: 27/33 MP: 8/10
  1089 | D:2      | Learned a level 3 spell: Conjure Flame
  1965 | D:3      | HP: 7/33 [orc priest/divine providence (14)]
  2179 | D:3      | Reached skill level 3 in Spellcasting
  2179 | D:3      | Reached XP level 5. HP: 35/38 MP: 7/12
  2314 | D:3      | Found a glowing drain.
  2815 | D:3      | Reached skill level 3 in Conjurations
  2986 | D:3      | Reached skill level 4 in Fire Magic
  3161 | D:4      | Noticed a phantom
  3177 | D:4      | Killed a phantom
  3177 | D:4      | Reached XP level 6. HP: 27/45 MP: 0/14
  3271 | D:4      | Learned a level 5 spell: Fireball
  3520 | D:4      | Noticed Menkaure
  3526 | D:4      | Killed Menkaure
  3606 | D:4      | Reached skill level 4 in Spellcasting
  3606 | D:4      | Reached skill level 4 in Conjurations
  3857 | D:4      | Reached XP level 7. HP: 32/50 MP: 0/16
  3936 | D:4      | Reached skill level 5 in Fire Magic
  4401 | D:5      | Entered Level 5 of the Dungeon
  4829 | D:5      | Got a twisted shortbow
  4830 | D:5      | Identified the +9 shortbow of the Establishment {flame, MR+} (You found it on level 5 of the Dungeon)
  5181 | D:5      | Reached skill level 5 in Conjurations
  5382 | D:5      | Reached skill level 5 in Spellcasting
  5476 | D:5      | Reached XP level 8. HP: 45/57 MP: 11/19
  5608 | D:5      | Reached skill level 6 in Fire Magic
  5614 | D:5      | Learned a level 4 spell: Sticky Flame
  6085 | D:5      | Reached skill level 6 in Conjurations
  6533 | D:6      | Reached skill level 6 in Spellcasting
  6555 | D:6      | Found a white marble altar of Elyvilon.
  6582 | D:6      | Found a staircase to the Ecumenical Temple.
  6810 | D:6      | Found a snail-covered altar of Cheibriados.
  7402 | D:6      | Reached skill level 7 in Fire Magic
  7495 | D:6      | Reached XP level 9. HP: 24/62 MP: 11/22
  7767 | D:7      | Found Busair's Assorted Antiques.
  7842 | D:7      | Found Meydead's Assorted Antiques.
  7882 | D:7      | Found an ancient bone altar of Kikubaaqudgha.
  7898 | D:7      | Found a shattered altar of Ashenzari.
  7930 | D:7      | Found a sacrificial altar of Ru.
  7932 | D:7      | Found a deep blue altar of Sif Muna.
  7953 | D:7      | Found Keruad's General Store.
  8135 | D:7      | Found an iron altar of Okawaru.
  8536 | D:8      | Reached skill level 7 in Conjurations
  8915 | D:8      | Reached skill level 2 in Dodging
  8917 | D:8      | Got a scorched chain mail
  9056 | D:8      | Reached skill level 1 in Fighting
 10120 | D:9      | Reached skill level 7 in Spellcasting
 10279 | D:9      | HP: 13/66 [electric eel/bolt of electricity (14)]
 10280 | D:9      | HP: 5/66 [troll (3)]
 10526 | D:9      | Reached skill level 8 in Fire Magic
 10537 | D:9      | Reached skill level 2 in Fighting
 10823 | D:9      | Reached skill level 3 in Dodging
 10896 | D:9      | Found a staircase to the Lair.
 10997 | D:9      | Reached XP level 10. HP: 74/74 MP: 21/24
 11308 | D:9      | Noticed a wizard
 11313 | D:9      | Killed a wizard
 11313 | D:9      | Reached skill level 3 in Fighting
 11313 | D:9      | Reached skill level 8 in Conjurations
 11940 | D:9      | Noticed a two-headed ogre
 11949 | D:9      | Killed a two-headed ogre
 11949 | D:9      | Reached skill level 4 in Dodging
 12087 | D:10     | Entered Level 10 of the Dungeon
 12087 | D:10     | Noticed a four-headed hydra
 12100 | D:10     | Killed a four-headed hydra
 12104 | D:10     | Reached skill level 4 in Fighting
 12322 | D:10     | Noticed an unseen horror
 12326 | D:10     | Killed an unseen horror
 12604 | D:10     | Got a wavering turquoise ring
 12626 | D:10     | Identified the ring of Qisycux {+Fly rPois Dex+2 Slay+3} (You took it off an orc priest on level 10 of the Dungeon)
 12647 | D:10     | Got a heavily runed chain mail
 12665 | D:10     | Reached skill level 8 in Spellcasting
 12665 | D:10     | Reached skill level 9 in Fire Magic
 12893 | D:10     | Reached XP level 11. HP: 85/85 MP: 12/27
 12894 | D:10     | Reached skill level 5 in Dodging
 13159 | D:10     | Got a scorched hand axe
 13280 | D:11     | Noticed Josephine
 13289 | D:11     | Killed Josephine
 13685 | D:11     | Reached skill level 5 in Fighting
 13693 | D:11     | Reached skill level 9 in Conjurations
 13806 | D:11     | Found Fedeqau's Distillery.
 13818 | D:11     | Bought a potion of magic for 88 gold pieces
 13911 | D:11     | Noticed a two-headed ogre
 13914 | D:11     | Killed a two-headed ogre
 14192 | D:11     | Noticed a centaur warrior
 14383 | D:11     | Killed a centaur warrior
 14383 | D:11     | Reached skill level 6 in Dodging
 14940 | Lair:1   | Entered Level 1 of the Lair of Beasts
 14967 | D:10     | Got an ebony longbow
 14968 | D:10     | Identified the +7 longbow of Igeruo {velocity, rF++ Dex+4} (You found it on level 10 of the Dungeon)
 15392 | Lair:1   | Noticed a five-headed hydra
 15398 | Lair:1   | HP: 20/89 [five-headed hydra (11)]
 15399 | Lair:1   | Killed a five-headed hydra
 15660 | Lair:1   | Noticed a five-headed hydra
 15669 | Lair:1   | Killed a five-headed hydra
 15669 | Lair:1   | Reached skill level 6 in Fighting
 15823 | Lair:1   | Noticed an eight-headed hydra
 15836 | Lair:1   | Killed an eight-headed hydra
 15847 | Lair:1   | Reached skill level 9 in Spellcasting
 15847 | Lair:1   | Reached skill level 10 in Fire Magic
 15847 | Lair:1   | Reached XP level 12. HP: 53/96 MP: 0/29
 15876 | Lair:1   | HP: 21/96 [komodo dragon (29)]
 15890 | Lair:1   | HP: 9/96 [komodo dragon (16)]
 16730 | D:7      | Bought a knobbly smoking staff for 360 gold pieces
 17097 | Lair:1   | HP: 15/97 [komodo dragon (12)]
 17102 | Lair:1   | HP: 3/97 [komodo dragon (13)]
 17810 | Lair:2   | Reached skill level 7 in Dodging
 18092 | Lair:2   | Reached skill level 10 in Conjurations
 18251 | Lair:2   | Noticed a seven-headed hydra
 18261 | Lair:2   | Killed a seven-headed hydra
 18393 | Lair:2   | Reached skill level 7 in Fighting
 19140 | Lair:2   | Found a staircase to the Shoals.
 20118 | Lair:3   | Noticed Snorg
 20140 | Lair:3   | HP: 15/100 [Snorg (18)]
 20142 | Lair:3   | Mangled by Snorg

Vault maps used:
D:1:      dpeg_arrival_arbitrary_c
D:2:      first_ration, uniq_terence
D:3:      serial_forest, infiniplex_forest_lined_3,
          infiniplex_forest_straight_2, infiniplex_forest_clump_long,
          infiniplex_forest_side_room, infiniplex_forest_lined_3_way,
          infiniplex_forest_3_way, infiniplex_forest_straight_3,
          gup_sewer_entry_bubbles
D:4:      grunt_ministairs_1, uniq_menkaure
D:6:      kennysheep_mini_moat, old_standard_altar,
          minmay_temple_entry_statues_pillars, serial_co_window_serial,
          co_window_corner_a, co_window_paths_b, co_window_corner_a,
          co_window_corner_a, co_window_paths_a, co_window_of_opportunity_a,
          co_window_paths_b, co_window_corner_b, co_window_2corner,
          co_window_broadway_c, co_window_of_opportunity_c, co_window_corner_cb,
          co_window_4corner_b, glass_columns_a, glass_columns_c,
          glass_columns_c, glass_columns_a, glass_columns_a
D:7:      grunt_temple_overflow_open, marbit_many_paths, serial_shops, shop,
          shop, nicolae_shop_trees, okawaru_trees_2
D:9:      erik_lair_island, serial_curves, eino_curves_01, eino_curves_01,
          grunt_pizzeria, lightli_wizard_tower
D:11:     serial_shops, shop, uniq_josephine
Lair:1:   minmay_lair_oklob_chamber
Lair:2:   elwin_shoals_entry_rooms, beast_lair_carwin_7, grunt_megastairs_5,
          infiniplex_staircase_pool_2, lemuel_fruit_tree, serial_bayou_shore_b
Lair:3:   grunt_megastairs_4, uniq_snorg

Skill      XL: |  1  2  3  4  5  6  7  8  9 10 11 12 |
---------------+-------------------------------------+-----
Conjurations   | 1 2 3 4 5 6 7 8 9 10 | 10.4
Spellcasting   | 2 3 4 5 6 7 8 9 |  9.7
Fire Magic     | 3 4 5 7 8 9 10 | 10.7
Dodging        | 3 4 6 7 |  7.7
Fighting       | 2 4 6 7 |  7.5
Stealth        | |  1.7

Action                   |  1- 3 |  4- 6 |  7- 9 | 10-12 || total
-------------------------+-------+-------+-------+-------++-------
Melee: Whip              |    37 |    36 |       |       ||    73
       Trident           |       |       |     8 |       ||     8
 Fire: Shortbow          |       |       |    57 |    29 ||    86
       Longbow           |       |       |       |    33 ||    33
 Cast: Flame Tongue      |    52 |   105 |   139 |    46 ||   342
       Throw Flame       |     1 |    60 |   134 |   285 ||   480
       Conjure Flame     |       |     1 |     2 |    11 ||    14
       Sticky Flame      |       |       |    20 |    57 ||    77
       Fireball          |       |       |     9 |    77 ||    86
  Use: Scroll            |     1 |    10 |     9 |     4 ||    24
       Potion            |       |     1 |       |     2 ||     3
  Eat: Chunk             |     1 |    10 |    16 |    33 ||    60
       Ration            |       |       |     3 |     3 ||     6
Armor: Robe              |    21 |    16 |    28 |    35 ||   100
Dodge: Dodged            |    38 |    49 |   102 |   134 ||   323

Table legend:
 A = Spawn XP
 B = Non-spawn XP
 C = Spawn XP percentage of total XP
 D = Spawn monster count
 E = Non-spawn monster count
 F = Spawn count percentage of total count
 G = Total turns spent on level
                    A         B        C        D         E        F      G
               +---------+---------+-------+---------+---------+-------+---------
         Total |       0 |   41978 |   0.0 |       0 |     400 |   0.0 | 20142
               +---------+---------+-------+---------+---------+-------+---------
           D:1 |       0 |      50 |   0.0 |       0 |      24 |   0.0 |   865
           D:2 |       0 |     128 |   0.0 |       0 |      31 |   0.0 |   935
           D:3 |       0 |     175 |   0.0 |       0 |      35 |   0.0 |  1404
           D:4 |       0 |     682 |   0.0 |       0 |      26 |   0.0 |  1436
           D:5 |       0 |    1600 |   0.0 |       0 |      34 |   0.0 |  1598
           D:6 |       0 |     641 |   0.0 |       0 |      21 |   0.0 |  1525
           D:7 |       0 |     530 |   0.0 |       0 |      12 |   0.0 |   683
           D:8 |       0 |    1707 |   0.0 |       0 |      20 |   0.0 |  2338
           D:9 |       0 |    4121 |   0.0 |       0 |      44 |   0.0 |  2470
          D:10 |       0 |    4297 |   0.0 |       0 |      38 |   0.0 |  1080
          D:11 |       0 |    7233 |   0.0 |       0 |      38 |   0.0 |  1544
        Lair:1 |       0 |    7152 |   0.0 |       0 |      21 |   0.0 |  1923
        Lair:2 |       0 |   10161 |   0.0 |       0 |      41 |   0.0 |  1956
        Lair:3 |       0 |    3501 |   0.0 |       0 |      15 |   0.0 |   385
               +---------+---------+-------+---------+---------+-------+---------

Vault maps used:
D:1:      dpeg_arrival_arbitrary_c
D:2:      first_ration, uniq_terence
D:3:      serial_forest, infiniplex_forest_lined_3,
          infiniplex_forest_straight_2, infiniplex_forest_clump_long,
          infiniplex_forest_side_room, infiniplex_forest_lined_3_way,
          infiniplex_forest_3_way, infiniplex_forest_straight_3,
          gup_sewer_entry_bubbles
D:4:      grunt_ministairs_1, uniq_menkaure
D:6:      kennysheep_mini_moat, old_standard_altar,
          minmay_temple_entry_statues_pillars, serial_co_window_serial,
          co_window_corner_a, co_window_paths_b, co_window_corner_a,
          co_window_corner_a, co_window_paths_a, co_window_of_opportunity_a,
          co_window_paths_b, co_window_corner_b, co_window_2corner,
          co_window_broadway_c, co_window_of_opportunity_c, co_window_corner_cb,
          co_window_4corner_b, glass_columns_a, glass_columns_c,
          glass_columns_c, glass_columns_a, glass_columns_a
D:7:      grunt_temple_overflow_open, marbit_many_paths, serial_shops, shop,
          shop, nicolae_shop_trees, okawaru_trees_2
D:9:      erik_lair_island, serial_curves, eino_curves_01, eino_curves_01,
          grunt_pizzeria, lightli_wizard_tower
D:11:     serial_shops, shop, uniq_josephine
Lair:1:   minmay_lair_oklob_chamber
Lair:2:   elwin_shoals_entry_rooms, beast_lair_carwin_7, grunt_megastairs_5,
          infiniplex_staircase_pool_2, lemuel_fruit_tree, serial_bayou_shore_b
Lair:3:   grunt_megastairs_4, uniq_snorg

Table legend:
 A = Turns spent in this place as a percentage of turns spent in the entire game.
 B = Non-inter-level travel turns spent in this place as a percentage of non-inter-level travel turns spent in the entire game.
 C = Inter-level travel turns spent in this place as a percentage of turns spent in this place.
 D = Turns resting spent in this place as a percentage of non-inter-level travel turns spent in this place.
 E = Turns spent auto-exploring this place as a percentage of non-inter-level travel turns spent in this place.
 F = Non-inter-level travel turns spent in this place divided by the number of levels of this place that you've seen.
                   A       B       C       D       E      F
               +-------+-------+-------+-------+-------+----------------------
         Total | 100.0 | 100.0 |   5.9 |   4.0 |  82.2 | 1353.8
       Dungeon |  78.8 |  78.3 |   6.5 |   4.8 |  82.2 | 1349.0
          Lair |  21.2 |  21.7 |   3.5 |   1.1 |  82.3 | 1371.3
               +-------+-------+-------+-------+-------+----------------------

Table legend:
 A = Kills in this place as a percentage of kills in entire the game.
 B = Kills by you in this place as a percentage of kills by you in the entire game.
 C = Kills by friends in this place as a percentage of kills by friends in the entire game.
 D = Other kills in this place as a percentage of other kills in the entire game.
 E = Experience gained in this place as a percentage of experience gained in the entire game.
 F = Experience gained in this place divided by the number of levels of this place that you have seen.
                   A       B       C       D       E      F
               +-------+-------+-------+-------+-------+----------------------
         Total | 100.0 | 100.0 |   N/A |   N/A | 100.0 | 2998.4
       Dungeon |  80.8 |  80.8 |   N/A |   N/A |  50.4 | 1924.0
          Lair |  19.2 |  19.2 |   N/A |   N/A |  49.6 | 6938.0
               +-------+-------+-------+-------+-------+----------------------
